Map: Kairos Junction LE

Players

Mistor - Winner!

  • Race: Zerg Zerg
  • League: Gold
  • Spawn Location: 11:00

DethKake

  • Race: Protoss Protoss
  • League: Silver
  • Spawn Location: 5:00

VOD

Have the link to the VOD?

Description

Time

  • Played on: March 12, 2019, 6:17 p.m.
  • Length: 18:34
Show
View Real Time Build Order
Export as new Build Order

Mistor Zerg - Winner!

Build Orders: Hatch First 

Get SALT Encoding   

  12  0:02  Drone  
  13  0:10  Drone  
  14  0:16  Overlord  
  14  0:34  Drone x2  
  16  0:38  Overlord  
  16  0:58  Hatchery  
  16  1:00  Drone  
  16  1:08  Extractor  
  16  1:11  Overlord  
  15  1:12  Drone  
  15  1:18  Drone  
  17  1:36  Spawning Pool  
  16  1:40  Drone  
  16  1:41  Overlord  
  17  1:51  Drone  
  18  2:01  Drone  
  19  2:16  Drone  
  19  2:21  Drone  
  21  2:24  Zergling x2  
  21  2:26  Zergling x2  
  21  2:28  Hatchery  
  22  2:33  Metabolic Boost  
  22  2:40  Drone  
  22  2:42  Drone  
  24  2:46  Overlord  
  24  2:49  Drone  
  25  2:59  Drone  
  25  3:00  Drone  
  27  3:10  Drone x2  
  29  3:14  Queen  
  29  3:17  Queen  
  31  3:32  Drone x3  
  31  3:33  Drone  
  35  3:41  Queen  
  35  3:46  Drone x3  
  40  3:50  Drone  
  40  3:51  Drone  
  40  3:55  Extractor  
  41  3:58  Extractor  
  40  4:05  Roach Warren  
  40  4:07  Extractor  
  40  4:08  Drone  
  39  4:10  Overlord  
  39  4:12  Drone x4  
  39  4:15  Queen  
  45  4:21  Drone  
  45  4:23  Overlord  
  45  4:24  Drone  
  47  4:34  Lair  
  47  4:45  Roach x2  
  51  4:46  Roach  
  51  4:47  Roach x2  
  51  4:48  Roach x3  
  51  4:52  Drone x2  
  64  5:06  Overlord  
  62  5:07  Overlord  
  62  5:08  Drone x4  
  65  5:15  Drone x2  
  65  5:24  Queen  
  65  5:26  Drone x2  
  65  5:27  Drone x2  
  71  5:35  Spore Crawler  
  70  5:37  Spore Crawler  
  69  5:43  Drone x5  
  69  5:44  Drone  
  69  5:48  Spine Crawler  
  74  5:52  Spine Crawler  
  74  5:55  Drone x3  
  76  6:00  Spore Crawler  
  76  6:03  Spine Crawler  
  74  6:08  Queen  
  76  6:11  Overlord  
  76  6:12  Overlord  
  76  6:24  Evolution Chamber  
  75  6:26  Evolution Chamber  
  75  6:31  Spore Crawler  
  73  6:39  Drone x3  
  77  6:40  Drone x4  
  77  6:42  Overlord  
  77  6:43  Overlord x3  
  80  7:01  Hatchery, Glial Reconstitution  
  79  7:07  Roach  
  79  7:08  Roach x5  
  91  7:10  Roach  
  91  7:13  Drone x3  
  96  7:16  Extractor  
  96  7:19  Extractor  
  96  7:20  Spine Crawler  
  93  7:34  Overlord x3  
  93  7:35  Overlord  
  93  7:47  Infestation Pit  
  92  7:51  Hydralisk Den  
  91  8:01  Drone x2  
  91  8:02  Drone x2  
  95  8:07  Queen  
  97  8:15  Drone x4  
  97  8:16  Drone  
  102  8:37  Ravager  
  102  8:38  Ravager x4  
  102  8:39  Ravager x3  
  110  8:43  Overlord x2  
  110  8:45  Hydralisk x11  
  132  8:51  Zerg Missile Weapons Level 1  
  132  8:52  Zerg Ground Armor Level 1  
  132  8:57  Drone x3  
  135  9:10  Hydralisk x4  
  135  9:11  Hydralisk x4  
  131  9:48  Overlord  
  131  9:49  Hydralisk  
  131  9:50  Hydralisk x14  
  131  9:51  Hydralisk  
  127  10:13  Hydralisk x8  
  137  10:43  Hydralisk  
  137  10:44  Hydralisk x10  
  137  10:48  Zerg Missile Weapons Level 2  
  159  10:53  Zerg Ground Armor Level 2  
  159  10:58  Grooved Spines  
  159  11:18  Drone x3  
  160  11:25  Spore Crawler  
  160  11:47  Hive  
  160  11:50  Overlord x3  
  160  11:51  Overlord  
  160  11:52  Overlord  
  160  11:54  Overlord  
  160  11:55  Overlord  
  160  12:18  Hydralisk  
  160  12:19  Hydralisk x10  
  182  12:26  Queen  
  148  12:49  Hatchery  
  139  12:52  Hatchery  
  84  14:06  Hydralisk  
  84  14:07  Hydralisk x20  
  120  14:11  Drone  
  117  14:20  Drone  
  117  14:21  Drone  
  119  14:26  Extractor x2  
  119  14:31  Hydralisk x7  
  117  14:32  Hydralisk  
  133  14:47  Extractor  
  133  14:49  Extractor  
  131  14:53  Drone  
  131  14:54  Drone x10  
  142  15:00  Spore Crawler  
  142  15:05  Drone x3  
  144  15:08  Hydralisk x5  
  152  15:19  Drone  
  152  15:20  Drone x4  
  157  15:21  Queen  
  157  15:25  Spine Crawler  
  158  15:30  Ultralisk Cavern  
  158  15:34  Drone  
  158  15:35  Drone x8  
  166  15:40  Hydralisk  
  166  15:41  Hydralisk x2  
  172  15:44  Hydralisk  
  172  15:46  Infestor  
  172  15:47  Hydralisk  
  172  15:48  Hydralisk  
  150  16:24  Zergling x6  
  138  16:27  Ultralisk x4  
  113  17:04  Ultralisk x4  
  137  17:14  Hydralisk  
  137  17:15  Hydralisk x4  
  139  17:17  Zergling x2  
  139  17:20  Drone x2  
  150  17:25  Drone  
  150  17:26  Drone x2  
  153  17:30  Drone  
  153  17:31  Drone x2  
  153  17:33  Drone x2  
  153  17:34  Drone  
  159  17:43  Ultralisk  
Show
View Real Time Build Order
Export as new Build Order

DethKake Protoss 

Build Orders: 1 Gate Expand 

Get SALT Encoding   

  12  0:02  Probe  
  13  0:14  Probe  
  14  0:24  Pylon  
  14  0:27  Probe  
  15  0:38  Probe  
  16  0:46  Probe  
  16  0:52  Gateway  
  17  1:11  Pylon  
  17  1:34  Forge  
  17  1:38  Nexus  
  17  1:45  Cybernetics Core  
  17  1:52  Assimilator  
  17  1:54  Probe  
  18  2:06  Probe  
  19  2:18  Photon Cannon  
  19  2:19  Probe  
  20  2:29  Gateway  
  20  2:41  Gateway  
  20  2:52  Probe x2  
  20  2:57  Assimilator  
  22  3:00  Probe  
  22  3:05  Probe  
  24  3:08  Probe  
  24  3:10  Stalker  
  27  3:19  Probe  
  27  3:20  Probe  
  27  3:22  Pylon  
  29  3:36  Probe  
  29  3:39  Protoss Ground Weapons Level 1  
  30  3:44  Adept x2  
  30  3:47  Zealot  
  30  3:48  Probe  
  37  4:00  Probe  
  38  4:09  Stargate  
  38  4:36  Pylon  
  38  4:37  Probe  
  38  4:38  Probe  
  40  4:42  Warp Gate  
  40  4:49  Probe  
  40  4:50  Probe  
  38  5:35  Robotics Facility  
  38  5:37  Robotics Facility  
  38  5:43  Probe x2  
  38  5:44  Assimilator  
  38  5:46  Assimilator  
  40  5:55  Probe x2, Phoenix  
  44  5:58  Protoss Shields Level 1  
  44  5:59  Nexus  
  44  6:07  Pylon  
  44  6:13  Pylon  
  44  6:33  Warp Prism  
  44  6:34  Observer  
  44  6:38  Phoenix  
  49  6:58  Stargate  
  49  7:00  Stargate  
  49  7:04  Stalker x3  
  55  7:13  Pylon  
  55  7:44  Gateway  
  55  7:45  Gateway  
  55  7:47  Gateway  
  55  7:55  Pylon  
  55  8:01  Probe x2  
  57  8:10  Phoenix, Immortal x2  
  57  8:11  Phoenix x2  
  63  8:13  Probe  
  70  8:35  Stalker x2  
  70  8:36  Stalker  
  76  8:42  Immortal x2  
  76  8:50  Twilight Council  
  76  8:51  Robotics Bay  
  84  9:00  Phoenix x2  
  88  9:05  Zealot x4  
  88  9:06  Zealot x2  
  80  9:58  Zealot x2  
  80  9:59  Zealot x4  
  86  10:04  Colossus x2  
  92  10:28  Charge  
  92  10:29  Zealot x2  
  92  10:30  Zealot x4  
  92  10:31  Extended Thermal Lance  
  104  10:36  Protoss Ground Weapons Level 2  
  104  10:46  Probe  
  104  10:48  Assimilator  
  104  10:52  Probe x2, Assimilator  
  104  10:54  Probe  
  107  11:04  Probe  
  109  12:04  Probe  
  108  12:34  Zealot x3  
  108  12:35  Zealot x2  
  108  12:36  Nexus  
  100  12:37  Zealot  
  100  12:38  Pylon  
  100  12:41  Pylon  
  76  12:51  Colossus x2  
  84  13:04  Zealot x4  
  84  13:05  Zealot  
  53  13:28  Colossus x2  
  53  13:29  Zealot x3  
  47  14:21  Colossus x2  
  59  14:25  Pylon  
  59  14:27  Pylon  
  59  14:31  Pylon  
  59  14:32  Phoenix x2  
  59  14:33  Phoenix  
  65  14:41  Nexus  
  65  14:55  Robotics Facility  
  65  15:21  Zealot x2  
  65  15:22  Zealot  
  71  15:29  Pylon  
  71  15:37  Pylon  
  71  15:44  Pylon  
  71  15:46  Stalker  
  71  15:47  Zealot, Stalker  
  71  15:48  Colossus x3  
  95  16:02  Pylon  
  52  16:39  Colossus x2  
  48  16:40  Colossus  
  62  17:25  Pylon  
  62  17:28  Pylon  
  62  17:30  Pylon  
  62  17:33  Colossus  
  68  17:56  Shield Battery  
  68  17:58  Probe  
  69  18:06  Probe  
  70  18:15  Probe  
Tags
 
Add a new tag
Caveats
  • Supply blocks, unpowered buildings, or Contaminate may cause inaccurate times.
  • Supply counts are checked every 10 seconds.